 Dungeon Crawl Stone Soup version 0.27.0-1-g7a089689b8 (webtiles) character file.

Game seed: 1179862518606144434

1120 sasquatch the Spear-Bearer (level 8, 0/56 HPs)
             Began as a Demonspawn Gladiator on Aug 8, 2021.
             Slain by a wraith (9 damage)
             ... on level 6 of the Dungeon.
             The game lasted 00:08:19 (5404 turns).

sasquatch the Spear-Bearer (Demonspawn Gladiator)   Turns: 5404, Time: 00:08:20

Health: 0/56       AC: 12    Str: 16    XL:     8   Next: 12%
Magic:  8/8        EV: 15    Int: 11    God:
Gold:   320        SH:  0    Dex: 14    Spells: 7/7 levels left

rFire    . . .     SeeInvis .   a - +0 trident
rCold    . . .     Faith    .   (no shield)
rNeg     . . .     Spirit   .   f - +0 ring mail
rPois    .         Reflect  .   (helmet restricted)
rElec    .         Harm     .   p - +0 cloak
rCorr    .         Rampage  .   (no gloves)
Will     .....                  (no boots)
Stlth    +.........             (no amulet)
HPRegen  0.18/turn              k - +4 ring of protection
MPRegen  0.11/turn              o - +4 ring of evasion

@: slowed, very slow
A: antennae 1, yellow scales 1, powered by pain 1
a: no special abilities


You were on level 6 of the Dungeon.
You visited 1 branch of the dungeon, and saw 6 of its levels.

You collected 320 gold pieces.

Inventory:

Hand Weapons
 a - a +0 trident (weapon)
 l - a +0 halberd
Missiles
 d - a throwing net
 s - 11 poisoned darts (quivered)
Armour
 c - a +0 chain mail
 f - a +0 ring mail (worn)
 p - a +0 cloak (worn)
Jewellery
 k - a +4 ring of protection (left hand)
 o - a +4 ring of evasion (right hand)
Wands
 u - a wand of polymorph (9)
Scrolls
 e - a scroll of acquirement {unknown}
 g - 3 scrolls of identify {unknown}
 h - 5 scrolls of noise {unknown}
 i - a scroll of enchant weapon {unknown}
 j - 3 scrolls of enchant armour {unknown}
 r - a scroll of fog {unknown}
 t - a scroll of blinking {unknown}
 w - a scroll of fear {unknown}
Potions
 b - 2 potions of brilliance
 n - a potion of curing


   Skills:
 - Level 2.0 Fighting
 * Level 9.2 Polearms
 - Level 1.7 Throwing
 - Level 2.6 Dodging


You had 7 spell levels left.
You didn't know any spells.
Your spell library contained the following spells:

 Spells                   Type           Power      Damage    Failure   Level
 Ignite Poison            Fire/Tmut/Pois 0%         N/A       90%         3
 Mephitic Cloud           Conj/Pois/Air  0%         N/A       90%         3
 Bolt of Magma            Conj/Fire/Erth 0%         4d4       100%        5


Dungeon Overview and Level Annotations

Branches:
Dungeon (6/15)
 Temple: D:4-7

Altars:
Elyvilon
Kikubaaqudgha
Wu Jian
The Shining One


Innate Abilities, Weirdness & Mutations

You have a pair of small antennae on your head.
You are partially covered in yellow scales. (AC +2)
You sometimes gain a little power by taking damage.


Message History

The wraith hits you but does no damage.
You barely miss the wraith.
The wraith is severely damaged.
The wraith hits you!
* * * LOW HITPOINT WARNING * * *
The wraith drains your vigour!
You feel as though you will be slow longer.
The wraith hits you but does no damage.
You hit the wraith.
The wraith is severely damaged.
You feel less wooden.
Your +0 cloak unmelds from your body.
Your +0 ring mail unmelds from your body.
The wraith hits you.
* * * LOW HITPOINT WARNING * * *
You hit the wraith but do no damage.
The wraith is severely damaged.
The wraith closely misses you.
Unknown command.
You hit the wraith.
The wraith is severely damaged.
The wraith hits you.
* * * LOW HITPOINT WARNING * * *
The wraith drains your vigour!
You feel as though you will be slow longer.
The wraith barely misses you.
You closely miss the wraith.
The wraith is severely damaged.
The wraith barely misses you.
You barely miss the wraith.
The wraith is severely damaged.
The wraith hits you but does no damage.
Unknown command.
You hit the wraith but do no damage.
The wraith is severely damaged.
The wraith hits you but does no damage.
You hit the wraith.
The wraith is almost destroyed.
The wraith hits you!
You die...

#.############
#....#.......#
#....'.......#
##...#.......#
#...####'####
########.#
#.....#
...#####.....#
......W@.....#
..######.....#
###...# #####


You could see a wraith.

Vanquished Creatures
  2 sky beasts (D:5)
  A necrophage (D:5)
  An ogre (D:4)
  A centaur (D:5)
  A scorpion (D:5)
  A bullfrog zombie (D:5)
  2 centaur zombies (D:5)
  3 hounds (D:5)
  A centaur skeleton (D:5)
  2 bullfrog skeletons
  3 iguanas
  2 hound skeletons
  8 gnolls
  4 adders
  A shadow imp (D:6)
  2 adder skeletons (D:4)
  A worm (D:4)
  3 dart slugs
  8 orcs
  5 ball pythons (D:1)
  4 endoplasms
  A giant cockroach (D:4)
  14 goblins
  5 hobgoblins
  11 jackals
  4 kobolds
  5 quokkas
  5 bats
  4 frilled lizards
  6 rats
111 creatures vanquished.

Notes
Turn   | Place    | Note
-------+----------+-------------------------------------------
     0 | D:1      | sasquatch the Demonspawn Gladiator began the quest for the
                  | Orb.
     0 | D:1      | Reached XP level 1. HP: 16/16 MP: 1/1
   153 | D:1      | Reached skill level 3 in Polearms
   259 | D:1      | Gained mutation: You are partially covered in yellow
                  | scales. (AC +2) [demonic ancestry]
   259 | D:1      | Reached XP level 2. HP: 19/22 MP: 2/2
   754 | D:1      | Reached XP level 3. HP: 27/27 MP: 3/3
   919 | D:1      | Reached skill level 4 in Polearms
  1189 | D:2      | Found a faded altar of an unknown god.
  1550 | D:2      | Reached XP level 4. HP: 25/33 MP: 4/4
  2348 | D:3      | Reached skill level 5 in Polearms
  3045 | D:4      | Reached XP level 5. HP: 38/38 MP: 5/5
  3135 | D:4      | Noticed an ogre
  3149 | D:4      | Killed an ogre
  3150 | D:4      | Reached skill level 6 in Polearms
  3150 | D:4      | Gained mutation: You have a pair of small antennae on your
                  | head. [demonic ancestry]
  3150 | D:4      | Reached XP level 6. HP: 34/44 MP: 6/6
  3468 | D:5      | Entered Level 5 of the Dungeon
  3779 | D:5      | Reached skill level 7 in Polearms
  3794 | D:5      | Reached XP level 7. HP: 41/50 MP: 7/7
  4292 | D:5      | Reached skill level 8 in Polearms
  4568 | D:4      | Found an ornate altar of the Wu Jian Council.
  4831 | D:5      | Found an ancient bone altar of Kikubaaqudgha.
  4897 | D:5      | Reached skill level 9 in Polearms
  4897 | D:5      | Gained mutation: You sometimes gain a little power by
                  | taking damage. [demonic ancestry]
  4897 | D:5      | Reached XP level 8. HP: 13/56 MP: 8/8
  5404 | D:6      | Slain by a wraith

Illustrated notes

Levels and vault maps discovered:
D:1:      ncdulo_watergridlock, layout_basic, st_stairs_9
D:2:      layout_rooms, basic_ecumenical_altar
D:3:      layout_basic, guppyfry_early_orc_mine
D:4:      layout_basic, mainiacjoe_overflow_boulevard,
          nicolae_wu_jian_wuxing_cycle, serial_rivers,
          chequers_serial_rivers_room_b, chequers_serial_rivers_small_a,
          chequers_serial_rivers_micro_d, chequers_serial_rivers_micro_a,
          chequers_serial_rivers_large_a, chequers_serial_rivers_micro_c,
          kennysheep_generic_room_7
D:5:      layout_loops_ring, mainiacjoe_overflow_six_doors_small,
          elyvilon_altar_1, minivault_26, kennysheep_generic_room_8
D:6:      layout_basic, mainiacjoe_overflow_catwalk, minmay_misc_feat_tiny

Skill      XL: |  1  2  3  4  5  6  7 |
---------------+----------------------+-----
Polearms       | 3 4 5 6 7 9 |  9.2
Fighting       | |  2.0
Throwing       | |  1.7
Dodging        | |  2.6

Action                   |  1- 3 |  4- 6 |  7- 9 || total
-------------------------+-------+-------+-------++-------
Melee: Trident           |   170 |   203 |   178 ||   551
Throw: Throwing net      |       |     2 |     1 ||     3
       Dart              |       |       |     1 ||     1
  Use: Potion            |       |       |     6 ||     6
 Stab: Held in net/web   |       |     1 |       ||     1
Armor: Ring mail         |    74 |    54 |    46 ||   174
       Leather armour    |     3 |       |       ||     3
       Skin              |       |       |    21 ||    21
Dodge: Dodged            |   115 |   130 |   127 ||   372
